 Dungeon Crawl Stone Soup version 0.31.0-32-g396128a36d (webtiles) character file.

Game seed: 560951109898365766

1703 imdaedric the Covert (level 8, -7/42 HPs)
             Began as a Spriggan Brigand on Apr 24, 2024.
             Was a Follower of Dithmenos.
             Mangled by a sixfirhy (12 damage)
             ... summoned by a kobold demonologist
             ... on level 6 of the Dungeon.
             The game lasted 00:16:37 (6483 turns).

imdaedric the Covert (Spriggan Brigand)             Turns: 6483, Time: 00:16:37

Health: -7/42      AC:  2    Str:  7    XL:     8   Next: 73%
Magic:  10/10      EV: 21    Int: 22    God:    Dithmenos [*.....]
Gold:   232        SH:  0    Dex: 19    Spells: 5/7 levels left

rFire   + . .        f - +4 rapier of Hospitality {protect, rN+ Int+4}
rCold   + + .        (no shield)
rNeg    + . .        b - +0 robe
rPois   .            (helmet restricted)
rElec   .            x - scarf {rC+ rF+}
rCorr   .            (gloves unavailable)
SInv    +            (boots unavailable)
Will    +....        (no amulet)
Stlth   +++++        a - ring of protection from cold
HPRegen 0.27/turn    o - +6 ring of intelligence
MPRegen 0.12/turn

%: no passive effects
@: wreathed by umbra, very quick
A: very small, no large weapons, unfitting armour, see invisible, speed 3
a: Renounce Religion


You were on level 6 of the Dungeon.
You worshipped Dithmenos.
Dithmenos was aware of your devotion.
You visited 1 branch of the dungeon, and saw 6 of its levels.

You collected 232 gold pieces.

Inventory:

Hand Weapons
 f - the +4 rapier of Hospitality (weapon) {protect, rN+ Int+4}
   (You acquired it on level 4 of the Dungeon)

   Int+4:     It affects your intelligence (+4).
   rN+:       It protects you from negative energy.
Missiles
 d - 15 poisoned darts (quivered)
 e - 8 curare-tipped darts
 q - 7 boomerangs
 t - 2 throwing nets
Armour
 b - a +0 robe (worn)
 x - a scarf of resistance (worn)
Jewellery
 a - a ring of protection from cold (left hand)
 n - a ring of magical power
 o - a +6 ring of intelligence (right hand)
Wands
 s - a wand of polymorph (1)
Scrolls
 g - 2 scrolls of brand weapon
 j - 2 scrolls of enchant armour
 m - a scroll of revelation
 p - a scroll of amnesia
 v - a scroll of vulnerability
 w - a scroll of acquirement
Potions
 h - 2 potions of enlightenment
 i - 2 potions of curing
 k - a potion of attraction
 l - a potion of cancellation
 r - 2 potions of haste
 z - a potion of brilliance


   Skills:
 + Level 4.1 Fighting
 - Level 4.9 Short Blades
 - Level 4.3 Throwing
 + Level 1.2 Armour
 + Level 6.1 Dodging
 + Level 9.1 Stealth
 - Level 3.1 Hexes
 + Level 4.6 Translocations
 + Level 1.6 Invocations


You had 5 spell levels left.
You knew the following spells:

 Your Spells              Type           Power      Damage    Failure   Level
a - Blink                 Tloc           40%        N/A       3%          2

Your spell library contained the following spells:

 Spells                   Type           Power      Damage    Failure   Level
 Lesser Beckoning         Tloc           40%        N/A       3%          2
 Momentum Strike          Conj/Tloc      20%        3d8       10%         2
 Cause Fear               Hex            6%         N/A       43%         4
 Anguish                  Hex/Necr       3%         N/A       65%         4
 Enfeeble                 Hex            6%         N/A       100%        7


Dungeon Overview and Level Annotations

Branches:
Dungeon (6/15)             Temple (0/1) D:5

Altars:
Ashenzari
Dithmenos
Hepliaklqana
Uskayaw
Vehumet

Shops:
D:1 [

Portals:
Sewer: D:5

Annotations:
D:3 exclusion: statue


Innate Abilities, Weirdness & Mutations

You are very small and have problems with some larger weapons.
You are too small for most types of armour.
You have supernaturally acute eyesight. (SInv)
You cover ground extremely quickly. (Speed+++)


Message History

The sixfirhy barely misses you. The white imp barely misses you.
The ufetubus hits you but does no damage.
The ufetubus completely misses you.
The kobold demonologist hits you but does no damage.
Unknown command.
You hit the kobold demonologist.
The kobold demonologist is heavily wounded.
The sixfirhy hits you but does no damage.
The sixfirhy closely misses you. The sixfirhy hits you.
The sixfirhy shocks you! The ufetubus misses you.
The ufetubus closely misses you. The sixfirhy hits you.
The sixfirhy shocks you!
* * * LOW HITPOINT WARNING * * *
The white imp completely misses you.
The kobold demonologist looks braver for a moment.
The ufetubus misses you. The ufetubus barely misses you.
You hit the kobold demonologist.
The kobold demonologist is severely wounded.
The white imp hits you but does no damage.
The ufetubus closely misses you. The ufetubus misses you.
The kobold demonologist looks braver for a moment.
Unknown command.
The ufetubus attacks as it pursues you! The ufetubus misses you.
The ufetubus hits you.
* * * LOW HITPOINT WARNING * * *
The ufetubus attacks as it pursues you! The ufetubus barely misses you. x2
The sixfirhy misses you. The ufetubus closely misses you.
The ufetubus misses you.
The white imp summons a swarm of flies.
The ufetubus closely misses you. The ufetubus completely misses you.
The ufetubus barely misses you. The ufetubus closely misses you.
The ufetubus misses you. The ufetubus completely misses you.
Okay, then.
Blink to where?
Press: ? - help, Dir - move target
As you read the scroll of blinking, it crumbles to dust.
The sixfirhy hits you.
* * * LOW HITPOINT WARNING * * *
The sixfirhy shocks you!
You die...

###.........#.....#.# #..........
.§§...#.....##.#....# ###########
≈§§≈§.#.#'####.#.##############..
.§.§§§..#.........#.............#
♣♣♣§§§..######...##..............
....≈..........#.#############...
_.♣.≈..........#......#..# #.##
..♣.≈.........##.#K.#.#..+ #.#
♣♣♣.≈..####...##@3##.5# ## #.##
[..)≈..# #...##..##..# #.#.
≈≈≈≈≈..# #...##.#.5#5# #.#.
)......####...##....§.# #.##
##......[......##'###### #...
###.#.##########....l#.. ####
##.#.#.# #.#.#.#.## ...#.#.#
#..#B. # ##.#.#.# #.# #.'


You could see a kobold demonologist, a sixfirhy (summoned) and an ufetubus
(summoned).

Vanquished Creatures
  Sigmund (D:4)
  2 water moccasins (D:6)
  An orc warrior (D:5)
  An ice beast (D:6)
  An ogre (D:6)
  4 phantoms
  3 scorpions
  2 hounds
  2 orc priests
  5 iguanas
  2 orc wizards (D:5)
  A hound zombie (D:4)
  A hound skeleton (D:4)
  Robin (D:2)
  4 gnolls (D:5)
  3 adders
  A shadow imp (D:6)
  A white imp (D:6)
  4 ufetubi (D:6)
  3 adder zombies (D:4)
  An adder skeleton (D:4)
  A ribbon worm (D:4)
  A dart slug (D:1)
  19 orcs
  7 endoplasms
  2 giant cockroaches
  22 goblins
  11 hobgoblins
  4 jackals (D:2)
  10 kobolds
  4 quokkas
  10 ball pythons
  11 bats
  2 frilled lizards
  6 rats
154 creatures vanquished.

Notes
Turn   | Place    | Note
-------+----------+-------------------------------------------
     0 | D:1      | imdaedric the Spriggan Brigand began the quest for the Orb.
     0 | D:1      | Reached XP level 1. HP: 10/10 MP: 2/2
    70 | D:1      | Reached skill level 6 in Stealth
    70 | D:1      | Reached XP level 2. HP: 15/15 MP: 3/3
   149 | D:1      | Found Time's Antique Armour Boutique.
   217 | D:1      | Found a faded altar of an unknown god.
   773 | D:2      | Reached XP level 3. HP: 18/18 MP: 4/4
   774 | D:2      | Noticed Robin
   877 | D:2      | Killed Robin
   949 | D:2      | Reached skill level 1 in Hexes
  1027 | D:2      | Reached XP level 4. HP: 23/23 MP: 5/5
  1910 | D:3      | Found a radiant altar of Vehumet.
  1925 | D:3      | Noticed a charred statue
  1984 | D:3      | Reached skill level 1 in Translocations
  2487 | D:4      | Reached XP level 5. HP: 26/26 MP: 6/6
  2825 | D:4      | Noticed a phantom
  2876 | D:4      | Noticed Sigmund
  3036 | D:4      | Found a shadowy altar of Dithmenos.
  3050 | D:4      | Became a worshipper of Dithmenos the Shadowed
  3065 | D:4      | Identified a scroll of acquirement
  3065 | D:4      | Acquired the +4 rapier of Hospitality {protect, rN+ Int+4}
  3082 | D:4      | Reached XP level 6. HP: 20/32 MP: 7/7
  3242 | D:4      | Reached skill level 7 in Stealth
  3305 | D:4      | Killed Sigmund
  3350 | D:4      | Reached XP level 7. HP: 36/36 MP: 8/8
  3540 | D:4      | Learned a level 2 spell: Blink
  3748 | D:5      | Entered Level 5 of the Dungeon
  3803 | D:5      | Reached * piety under Dithmenos
  3929 | D:5      | Found a staircase to the Ecumenical Temple.
  4020 | D:5      | Reached skill level 5 in Dodging
  4020 | D:5      | Reached skill level 8 in Stealth
  4166 | D:5      | Reached XP level 8. HP: 40/40 MP: 9/9
  4250 | D:5      | Found a glowing drain.
  4694 | D:6      | Found a broken altar of Ashenzari.
  4765 | D:6      | Reached skill level 1 in Invocations
  4773 | D:6      | Reached skill level 1 in Armour
  4958 | D:6      | Found a hazy altar of Hepliaklqana.
  5079 | D:6      | Reached skill level 9 in Stealth
  5146 | D:6      | Found a hide-covered altar of Uskayaw.
  5337 | D:6      | Noticed a kobold demonologist
  6472 | D:6      | Noticed a sixfirhy
  6483 | D:6      | Mangled by a sixfirhy

Illustrated notes

Levels and vault maps discovered:
D:1:      lightli_molten_gateway, layout_basic, serial_shops, shop,
          hellmonk_ecumenical_altar_arch_garden, minmay_shallow_snake_nest
D:2:      layout_loops_ring, kennysheep_generic_room_12, uniq_robin
D:3:      layout_loops_cross, vehumet_statue, kennysheep_generic_room_11
D:4:      layout_basic, mainiacjoe_overflow_alcove_1,
          mainiacjoe_ossuary_entry_find_the_door, minmay_close_crescents,
          uniq_sigmund
D:5:      layout_rooms, minmay_temple_entry_grid, gup_sewer_entry_glass,
          roderic_lattice_a, dreamdust_mushroom_princess
D:6:      minmay_clustersquares, layout_basic,
          mainiacjoe_overflow_six_doors_small, nzn_hepliaklqana_mist_gate,
          mainiacjoe_overflow_brackets

Skill      XL: |  1  2  3  4  5  6  7  8 |
---------------+-------------------------+-----
Stealth        | 6 7 8 9 |  9.1
Dodging        | 2 3 4 5 6 |  6.1
Fighting       | 2 3 4 |  4.1
Hexes          | 1 2 3 |  3.1
Short Blades   | 3 4 |  4.9
Translocations | 1 2 3 4 |  4.6
Throwing       | 3 4 |  4.3
Invocations    | 1 |  1.6
Armour         | 1 |  1.2

Action                     |  1- 3 |  4- 6 |  7- 9 || total
---------------------------+-------+-------+-------++-------
  Melee: Dagger            |   151 |   130 |       ||   281
         Punch             |     1 |     1 |     2 ||     4
         Rapier            |       |    54 |   181 ||   235
         Unarmed           |       |       |     4 ||     4
  Throw: Dart              |       |     2 |     9 ||    11
    Use: Scroll            |       |     9 |     6 ||    15
         Potion            |       |     2 |       ||     2
   Stab: Sleeping          |     8 |    17 |    12 ||    37
 Armour: Robe              |    42 |    46 |    51 ||   139
         Skin              |       |       |     2 ||     2
  Dodge: Dodged            |   112 |   124 |   205 ||   441
